[Event "Live Chess"]
[Site "Chess.com"]
[Date "2023.05.21"]
[Round "-"]
[White "mattihelenius2"]
[Black "Olisingapore"]
[Result "0-1"]
[WhiteElo "491"]
[BlackElo "1774"]
[TimeControl "300"]
[EndTime "6:26:49 PDT"]
[Termination "Olisingapore won by resignation"]

1. d4 Nf6 2. c4 e6 3. Nc3 Bb4 4. Qb3 c5 5. Bd2 Nc6 6. Ne4 Nxe4 7. Bxb4 cxb4 8. Nf3 d5 9. c5 O-O 10. Ne5 Nxe5 11. dxe5 Qa5 12. e3 Nxc5 13. Qc4 Bd7 14. Rc1 Rac8 15. a3 bxa3+ 16. b4 dxc4 17. bxa5 Nb3 18. Rc3 a2 19. Bxc4 a1=Q+ 20. Ke2 0-1

[Event "Live Chess"]
[Site "Chess.com"]
[Date "2023.05.21"]
[Round "-"]
[White "Hacker_2009"]
[Black "JackCheetham1"]
[Result "0-1"]
[WhiteElo "1921"]
[BlackElo "1702"]
[TimeControl "300"]
[EndTime "6:26:55 PDT"]
[Termination "JackCheetham1 won by resignation"]

1. d4 Nf6 2. Nf3 g6 3. c4 Bg7 4. Nc3 d6 5. e4 O-O 6. Be2 Bg4 7. O-O Nbd7 8. b3 e5 9. Bb2 exd4 10. Nxd4 Bxe2 11.
Qxe2 Re8 12. f3 c6 13. Rfd1 Qb6 14. Qf2 Rad8 15. Rac1 Ne5 16. Nce2 d5 17. exd5 cxd5 18. cxd5 Rxd5 19. Ng3 Red8 20. Ne4 Nxe4 21. fxe4 R5d7 22. Rd2 Ng4 23. Qg3 Bxd4+ 24. Bxd4 Rxd4 25. Rxd4 Qxd4+ 0-1

[Event "Live Chess"]
[Site "Chess.com"]
[Date "2023.05.21"]
[Round "-"]
[White "domrobson"]
[Black "Missedidea"]
[Result "1-0"]
[WhiteElo "1760"]
[BlackElo "1780"]
[TimeControl "300"]
[EndTime "6:27:04 PDT"]
[Termination "domrobson won on time"]

1. d4 Nf6 2. c4 g6 3. Nc3 Bg7 4.
e4 d6 5. Be2 O-O 6. Be3 Nc6 7.
Nf3 e5 8. d5 Ne7 9. O-O Nd7 10.
b4 h6 11. Ne1 f5 12. f3 f4 13.
Bf2 g5 14. a4 Nf6 15. Qb3 h5 16. c5 g4 17. g3 Ng6 18. b5 h4 19. gxh4 Kf7 20.
h5 Nxh5 21. fxg4 Nf6 22. h3 Rh8 23. Kg2 Nh4+ 24. Bxh4 Rxh4 25. Nf3 Nxg4 26. hxg4 Rxg4+ 27. Kf2 Qf6 28. Ke1 Qh6 29. Kd2 Rg3 30. Rh1 Rh3 31.
Rhg1 Bf6 32. c6 bxc6 33. bxc6 Ba6 34. Nb5 Rg8 35. Qb4 Rgg3 36. Qa5 Rxf3 37. Qxa6 Rb3 38. Kc2 Rb4 39. Nxc7 Rhb3 40. Rgb1 Rxb1 41. Rxb1 Rxb1 42. Kxb1 Qh1+ 43. Kc2 Qxe4+ 44. Qd3 Qxa4+ 45. Kd2 e4 46. Qb5 Qa2+ 47. Ke1 e3 48. Ne6 Qa1+ 49. Bd1 Bc3+ 50. Ke2 f3+ 51. Kxe3 Qxd1 52. Qb7+ Kg6 53. Nf4+ Kh6 54.
Qd7 1-0

[Event "Live Chess"]
[Site "Chess.com"]
[Date "2023.05.21"]
[Round "-"]
[White "ossie57"]
[Black "Man-Del-Brot"]
[Result "1-0"]
[WhiteElo "1841"]
[BlackElo "1024"]
[TimeControl "300"]
[EndTime "6:27:09 PDT"]
[Termination "ossie57 won on time"]

1. d4 Nf6 2. Nc3 d5 3. Bf4 Nbd7 4. Nb5 e5 5. dxe5 Nh5 6. e6 Nxf4 7. exf7+ Kxf7 8. e3 Ne6 9. Qxd5 Nf6 10. Qxd8 Nxd8 11.
Bc4+ Be6 12. Nxc7 Rc8 13. Bxe6+ Nxe6 14. Nxe6 Kxe6 15. O-O-O Ne4 16. Nh3 Bd6 17. f3 Nf6 18.
Ng5+ Ke7 19. e4 Bf4+ 20. Kb1 Bxg5 21. e5 Nd5 22. g3 Rhd8 23. f4 Bh6 24. Rde1 g6 25.
Rhf1 Nb4 26. c3 Nd3 27. Re3 Nc5 28. h4 Rd3 29. Rxd3 Nxd3 30. h5 gxh5 31. Rh1 Nf2 32. Rxh5 Ng4 33. Rh4 Rg8 34. a4 a5 35. Ka2 Ne3 36.
Rxh6 Rxg3 37. Rxh7+ Ke6 38. Rxb7 Kf5 39. Rf7+ Ke4 40. e6 Nf5 41. e7 Nd6 42. Rf6 Ne8 43. Rf8 Nd6 44. Rd8 1-0

[Event "Live Chess"]
[Site "Chess.com"]
[Date "2023.05.21"]
[Round "-"]
[White "Mugzwang"]
[Black "risinghelios"]
[Result "0-1"]
[WhiteElo "1518"]
[BlackElo "1897"]
[TimeControl "300"]
[EndTime "6:27:10 PDT"]
[Termination "risinghelios won on time"]

1. Nf3 d5 2. c4 Bg4 3. Qb3 Bxf3 4. Qxf3 dxc4 5. Qxb7 Nd7 6. e3 Ngf6 7. Bxc4 e6 8.
O-O Bd6 9. Nc3 O-O 10. Ne4 Rb8 11. Qc6 Rb6 12. Nxf6+ Nxf6 13. Qf3 h5 14. b3 Rb7 15. Qxb7 Bxh2+ 16. Kh1 Ng4 17. g3 h4 18. Qf3 hxg3 19. Qxg4 gxf2 20. Rxf2 Be5 21. Rb1 f5 22. Qg2 Qh4+ 23.
Qh2 Bxh2 24. Rxh2 Qe1+ 25. Kg2 Rf6 26. Bf1 Rg6+ 27. Kf3 Qg3+ 28. Ke2 Qxh2+ 29. Kd3 Qd6+ 30. Kc2 Qc5+ 31. Bc4 Rg2 32. Bb2 Qc6 33. Rh1 Rxd2+ 34. Kxd2 Qxh1 35. Be2 g5 36. Bd4 Qd5 37. Bd3 c5 38.
Bc3 e5 39. Kc2 e4 40. Be2 f4 41. Bg4 f3 0-1

[Event "Live Chess"]
[Site "Chess.com"]
[Date "2023.05.21"]
[Round "-"]
[White "Nazar_777"]
[Black "Chesscoach_Golichenko"]
[Result "0-1"]
[WhiteElo "1569"]
[BlackElo "2630"]
[TimeControl "300"]
[EndTime "6:27:16 PDT"]
[Termination "Chesscoach_Golichenko won by checkmate"]

1. e3 d5 2. h4 c5 3. a3 Nc6 4. c4 d4 5. Nf3 e5 6. b3 e4 7.
Ng1 d3 8. Nc3 f5 9. Bb2 Nf6 10.
Nh3 Bd6 11. Qc1 O-O 12. Nd5 Be5 13. Ng5 h6 14. Nh3 Nxd5 15. cxd5 Qxd5 16. g3 Qxb3 17. Rb1 Bxb2 18. Qxb2 Qxb2 19. Rxb2 b6 20. Bg2 Ne5 21. Nf4 Rb8 22. h5 b5 23. Ng6 Nxg6 24. hxg6 Be6 25. f3 Bd5 26. f4 a5 27. Kf2 b4 28.
Rhb1 Rb6 29. axb4 axb4 30. Bh3 Rxg6 31. Kg2 Rb6 32. g4 fxg4 33. Bxg4 Rfb8 34. Kg3 c4 35. Bd7 Kf7 36. f5 Ke7 37. Be6 Bxe6 38. f6+ gxf6 39. Kf4 Bd5 40. Kf5 c3 41. dxc3 bxc3 42. Rxb6 Rxb6 43. Rxb6 c2 44. Rb7+ Bxb7 45. Kf4 c1=Q 46.
Kf5 Qxe3 47. Kg6 Qg5+ 48. Kh7 Bd5 49. Kh8 Qg8# 0-1

[Event "Live Chess"]
[Site "Chess.com"]
[Date "2023.05.21"]
[Round "-"]
[White "bonantagulo"]
[Black "Cimon"]
[Result "1-0"]
[WhiteElo "2097"]
[BlackElo "1845"]
[TimeControl "300"]
[EndTime "6:27:19 PDT"]
[Termination "bonantagulo won on time"]

1. d4 Nf6 2. c4 g6 3. Nc3 Bg7 4. Nf3 d6 5. e4 O-O 6. Be2 e5 7. O-O Nc6 8. d5 Ne7 9. b4 a5 10. Ba3 axb4 11. Bxb4 Nd7 12. a4 h6 13. Nd2 f5 14. Bf3 b6 15. a5 Nf6 16.
axb6 Rxa1 17. Qxa1 cxb6 18. Nb5 Ne8 19. Qa8 Nc7 20. Qb8 Nxb5 21. cxb5 Rf6 22. Rc1 Qd7 23. g3 f4 24. Rc7 Qe8 25. Rxe7 Qxe7 26. Qxc8+ Kh7 27.
Kg2 fxg3 28. hxg3 h5 29. Qc6 Qd8 30. Nc4 h4 31. Qxb6 h3+ 32. Kxh3 Qc8+ 33. Kg2 Qxc4 34.
Bd2 Qd3 35. Be3 Bh6 36. Qc7+ Kg8 37. Qc8+ Rf8 38. Qe6+ Kh8 39. Qxd6 Qxb5 40. Bxh6 Rxf3 41.
Kxf3 Qd3+ 42. Be3 Qd1+ 43. Kg2 Qg4 44. Qf8+ Kh7 45. Qf7+ Kh8 46. d6 Qxe4+ 47. Kg1 Qb1+ 48. Kh2 Qf5 49. Qxf5 gxf5 50. d7 f4 51. d8=Q+ 1-0

[Event "Live Chess"]
[Site "Chess.com"]
[Date "2023.05.21"]
[Round "-"]
[White "Ferrarifan27"]
[Black "matt1979"]
[Result "1-0"]
[WhiteElo "2068"]
[BlackElo "1521"]
[TimeControl "300"]
[EndTime "6:27:29 PDT"]
[Termination "Ferrarifan27 won by resignation"]

1. e4 d6 2. d4 Nf6 3. Nc3 e5 4.
dxe5 dxe5 5. Qxd8+ Kxd8 6. Nf3 Nbd7 7. Bc4 Ke8 8. Ng5 Bb4 9. Bxf7+ Kf8 10. Bd5 Nxd5 11.
exd5 Nf6 12. Ne6+ Bxe6 13. dxe6 Bxc3+ 14. bxc3 Ke7 15. O-O Kxe6 16. Re1 Kd5 17. c4+ Kxc4 18. Rxe5 Rhe8 19. Rxe8 Rxe8 20. Be3 b6 21. Rd1 Nd5 22. Rd4+ Kc3 23. Rxd5 Kxc2 24. Rd7 Kb2 25. Rxc7 Rd8 26.
Kf1 a5 27. Bxb6 Kxa2 28. Rc2+ Kb3 29. Bxd8 Kxc2 30. Bxa5 1-0

[Event "Live Chess"]
[Site "Chess.com"]
[Date "2023.05.21"]
[Round "-"]
[White "NatashaRegan"]
[Black "Ayursworld"]
[Result "1/2-1/2"]
[WhiteElo "1704"]
[BlackElo "1421"]
[TimeControl "300"]
[EndTime "6:27:36 PDT"]
[Termination "Game drawn - timeout vs insufficient material"]

1. e4 e5 2. Nc3 Nf6 3. Bc4 Bc5 4. Nf3 d6 5. O-O Nc6 6. h3 h6 7. d3 Nd4 8. Nxd4 Bxd4 9. Nb5 Bc5 10. c3 c6 11. Na3 b5 12. Bb3 O-O 13. Be3 Bxe3 14.
fxe3 a5 15. Qe2 a4 16. Bc2 Qb6 17. d4 exd4 18. exd4 d5 19. e5 Nh7 20. Qd3 g6 21. Kh1 Bf5 22. Qd2 Bxc2 23. Nxc2 Kg7 24. Ne3 h5 25. Qd3 Ng5 26. Rae1 Ne4 27. Nd1 b4 28. Rxe4 dxe4 29. Qxe4 bxc3 30. bxc3 a3 31. Ne3 Qb2 32. e6 fxe6 33. Qe5+ Kh7 34. Rf6 Rxf6 35. Qxf6 Qc1+ 36. Nf1 Qxc3 37. Qf7+ Kh6 38. Qf4+ Kg7 39. Qe5+ Kf7 40. Qc7+ Ke8 41. Qe5 Qc4 42. Ne3 Qc1+ 43. Kh2 Kd7 44. Qg7+ Kd6 45. Qe5+ Kd7 46. Qg7+ Kc8 47. Qg8+ Kb7 48. Qxe6 Qd2 49. Nc4 Qxd4 50. Nd6+ Kb6 51. Qb3+ Kc7 52. Nc4 Qf4+ 53. Kg1 Kd7 54. Qb7+ Ke6 55.
Qxc6+ Ke7 56. Qb7+ Ke6 57. Qc6+ Kf7 58. Nd6+ Ke6 59.
Ne4+ Ke5 60. Qxa8 Qxe4 61. Qe8+ Kd5 62. Qa8+ Kd4 63. Qa4+ Ke3 64. Qxa3+ Kf4 65. Qf3+ Qxf3 66. gxf3 Kxf3 67. a4 Ke4 68. a5 Kd5 69. Kf2 Kc6 70. Kg3 Kb5 71. Kf4 Kxa5 72. Kg5 Kb5 73. Kxg6 Kc5 74.
Kxh5 Kd5 75. Kg6 Ke5 76. h4 Ke6 77. h5 Ke7 78. Kg7 Ke6 79. h6 Kf5 80. h7 Kg5 81.
h8=Q Kf4 82. Qh6+ Ke4 83. Kf6 Kd3 84. Qf4 Kc3 85. Ke5 Kc2 86. Qe3 Kb2 87. Kd4 Kb1 88.
Qc3 Ka2 89. Qb4 Ka1 1/2-1/2

[Event "Live Chess"]
[Site "Chess.com"]
[Date "2023.05.21"]
[Round "-"]
[White "Duke_of_Bebington"]
[Black "bedsdrout"]
[Result "0-1"]
[WhiteElo "1549"]
[BlackElo "1216"]
[TimeControl "300"]
[EndTime "6:27:39 PDT"]
[Termination "bedsdrout won by resignation"]

1. e4 e5 2. Nf3 Nc6 3. Bc4 Nf6 4. d3 Na5 5. Na3 Bxa3 6. bxa3 Nxc4 7. dxc4 O-O 8. Bb2 d6 9. c5 Nxe4 10. cxd6 cxd6 11.
O-O Be6 12. Re1 f5 13. Qe2 Rc8 14. Rac1 Bc4 15. Qd1 Qb6 16. Re2 Bxe2 17. Qxe2 Qxb2 0-1

[Event "Live Chess"]
[Site "Chess.com"]
[Date "2023.05.21"]
[Round "-"]
[White "KeithArkell"]
[Black "SupremeTactician"]
[Result "1-0"]
[WhiteElo "2485"]
[BlackElo "2229"]
[TimeControl "300"]
[EndTime "6:27:49 PDT"]
[Termination "KeithArkell won by resignation"]

1. d4 Nf6 2. Nf3 e6 3. c4 b6 4.
g3 Bb7 5. Bg2 Be7 6. O-O O-O 7.
Nh4 Bxg2 8. Nxg2 c6 9. Nc3 d5 10. cxd5 exd5 11. Bg5 h6 12. Bxf6 Bxf6 13. b4 Nd7 14. b5 Qc7 15. Qd3 Qd6 16. Rac1 Rac8 17. bxc6 Rxc6 18. Nb5 Qe6 19. Nf4 1-0

[Event "Live Chess"]
[Site "Chess.com"]
[Date "2023.05.21"]
[Round "-"]
[White "friarnator"]
[Black "LiamBellwood"]
[Result "1-0"]
[WhiteElo "2032"]
[BlackElo "1908"]
[TimeControl "300"]
[EndTime "6:27:50 PDT"]
[Termination "friarnator won by resignation"]

1. d4 e6 2. Nc3 f5 3. h4 Bb4 4. h5 Nf6 5. h6 g6 6. Bg5 O-O 7. a3 Bxc3+ 8. bxc3 d6 9. e3 Qe8 10. Bc4 Qc6 11. Bxf6 Qxg2 12. Qf3 Qxf3 13. Nxf3 Rxf6 14. Ng5 d5 15. Bd3 c5 16. c4 cxd4 17. exd4 Nc6 18. c3 Nd8 19. f4 Nf7 20. Nxf7 Kxf7 21. Kd2 Bd7 22. cxd5 exd5 23. Rab1 Bc6 24. Bb5 Bxb5 25. Rxb5 b6 26. Rxd5 Re6 27. Rd7+ Re7 28. Rxe7+ Kxe7 29. Re1+ Kd6 30. Kd3 b5 31. Re5 a6 32. d5 Rc8 33.
Re6+ Kxd5 34. Re7 Rh8 35. Ra7 Kc5 36. Rxa6 Rd8+ 37. Kc2 Rd7 38. Ra8 Re7 39. Rg8 Kd6 40. Kb3 Ke6 41. Kb4 Rb7 42. Re8+ Kd6 43. Rg8 Ke6 44. Re8+ Kd6 45. Re5 Kc6 46. Rc5+ Kd6 47. Rxb5 Re7 48. a4 Re4+ 49. Kb3 Rxf4 50. a5 Rf1 51.
Ka2 Rf2+ 52. Rb2 f4 53. a6 1-0

[Event "Live Chess"]
[Site "Chess.com"]
[Date "2023.05.21"]
[Round "-"]
[White "diana21strabt"]
[Black "JoeRoot66"]
[Result "1/2-1/2"]
[WhiteElo "1769"]
[BlackElo "1899"]
[TimeControl "300"]
[EndTime "6:27:57 PDT"]
[Termination "Game drawn by repetition"]

1. e4 c6 2. d4 d5 3. Nc3 dxe4 4.
Nxe4 Nf6 5. Nxf6+ exf6 6. Bc4 Bd6 7. Nf3 O-O 8. O-O Re8 9. Be3 Nd7 10. c3 Nf8 11.
Bb3 Be6 12. Qd3 Qd7 13. Bc2 g6 14. Bh6 Bf5 15. Qd2 Bxc2 16. Qxc2 Ne6 17. h4 Bf4 18. Bxf4 Nxf4 19. Nh2 Re7 20. Rae1 Rae8 21. Qd2 Rxe1 22. Rxe1 Rxe1+ 23. Qxe1 Qe6 24. Qxe6 fxe6 25. Nf3 Nd3 26. b3 Nc1 27. Kf1 Nxa2 28. Ke1 Nxc3 29. Kd2 Nd5 30. Ne1 a5 31. Nd3 b6 32. Nb2 b5 33. Nd3 a4 34.
bxa4 bxa4 35. Nc5 a3 36. Kc2 Kf7 37. Kb3 a2 38. Kxa2 Nc3+ 39. Kb3 Ne2 40. Kc4 Ke7 41. g3 Kd6 42. Ne4+ Ke7 43. Kc5 h6 44. Nd2 Kd7 45.
Ne4 f5 46. Nf6+ Ke7 47. Ng8+ Kf8 48. Nf6 Kf7 49. Nd7 Nc1 50. Ne5+ Kf6 51. Kxc6 Nb3 52. Nf3 g5 53. hxg5+ hxg5 54. d5 exd5 55. Kxd5 g4 56.
Ne1 Nd2 57. Nd3 Ne4 58. Kd4 Ke6 59. Nf4+ Kd6 60. Ke3 Ke5 61. Nd3+ Kd5 62. Nf4+ Ke5 63. Ng6+ Kf6 64. Nf4 Ke5 1/2-1/2

[Event "Live Chess"]
[Site "Chess.com"]
[Date "2023.05.21"]
[Round "-"]
[White "elephantgerrald"]
[Black "davigator"]
[Result "0-1"]
[WhiteElo "686"]
[BlackElo "2305"]
[TimeControl "300"]
[EndTime "6:27:57 PDT"]
[Termination "davigator won by checkmate"]

1. e4 c5 2. Nf3 Nc6 3. Bb5 g6 4. O-O Bg7 5. Bxc6 dxc6 6. c3 e5 7. d3 Bg4 8. h3 Bxf3 9. Qxf3 Nf6 10. Bg5 Qd6 11. Nd2 Nd7 12. Nc4 Qc7 13. b4 h6 14.
Be3 cxb4 15. cxb4 O-O 16. Rad1 Rad8 17. d4 b6 18. dxe5 Nxe5 19. Rxd8 Nxf3+ 20. gxf3 Rxd8 21. Rc1 Qe7 22. Nxb6 axb6 23. Bxb6 Rc8 24. b5 Qe6 25. a4 cxb5 26. Rxc8+ Qxc8 27. axb5 Qb7 28. Bd4 Qxb5 29. Bxg7 Kxg7 30. Kg2 h5 31. f4 Qc4 32. Kf3 Qd3+ 33.
Kg2 Qxe4+ 34. f3 Qxf4 35. Kh1 Qxf3+ 36. Kg1 Qxh3 37. Kf2 h4 38. Kg1 Qe3+ 39. Kh2 Qf2+ 40. Kh1 Qe2 41. Kg1 h3 42. Kh1 Qg2# 0-1

[Event "Live Chess"]
[Site "Chess.com"]
[Date "2023.05.21"]
[Round "-"]
[White "hturner40"]
[Black "JohanKjeldahl"]
[Result "0-1"]
[WhiteElo "1773"]
[BlackElo "1883"]
[TimeControl "300"]
[EndTime "6:27:59 PDT"]
[Termination "JohanKjeldahl won on time"]

1. Nf3 d5 2. g3 c5 3. Bg2 Nc6 4. d4 cxd4 5. Nxd4 g6 6. c4 Nf6 7.
Nc3 e6 8. Bg5 Be7 9. O-O O-O 10.
e3 Bd7 11. Bxf6 Bxf6 12. cxd5 exd5 13. Nxd5 Bg7 14. Rb1 Nxd4 15. exd4 Bc6 16. Qb3 Bxd4 17.
Rbd1 Bg7 18. Nb4 Qf6 19. Nxc6 bxc6 20. Rd7 Rab8 21. Qc3 Rxb2 22. Qxf6 Bxf6 23. Rxa7 Rc8 24. Ra6 Bd4 25. Bxc6 Rb6 26. Rxb6 Bxb6 27. Bd5 Rc5 28. Bb3 Rf5 29. Kg2 Kg7 30. f4 Rc5 31. Rd1 Rc7 32.
Rd6 Bc5 33. Rd8 h5 0-1

[Event "Live Chess"]
[Site "Chess.com"]
[Date "2023.05.21"]
[Round "-"]
[White "LL220284LL"]
[Black "HoarseyHorsey"]
[Result "1-0"]
[WhiteElo "2270"]
[BlackElo "1467"]
[TimeControl "300"]
[EndTime "6:27:59 PDT"]
[Termination "LL220284LL won by resignation"]

1. Nf3 d5 2. c4 Nc6 3. cxd5 Qxd5 4. Nc3 Qh5 5. e3 e6 6. Be2 Qg6 7. d4 Nf6 8. Nb5 Bd6 9. b4 a6 10. Nxd6+ cxd6 11. a4 Nxb4 12. Ba3 Nfd5 13. Qb3 Bd7 14. Bxb4 Nxb4 15. Qxb4 Bc6 16. Qxd6 Rd8 17. Qg3 Qc2 18. Rd1 O-O 19. Ne5 Bxa4 20. Kf1 Bb5 21. Re1 Bxe2+ 22. Rxe2 Qc1+ 23. Re1 Qa3 24. h4 Rc8 25. Kg1 Rc1 26. Rxc1 Qxc1+ 27. Kh2 Qd2 28. Qf3 b5 29. Rd1 Qc2 30. Ra1 f6 31. Nc6 Rc8 32. Ne7+ Kf7 33. Nxc8 1-0

[Event "Live Chess"]
[Site "Chess.com"]
[Date "2023.05.21"]
[Round "-"]
[White "viktorskliarov"]
[Black "Ian-Morley"]
[Result "1-0"]
[WhiteElo "2651"]
[BlackElo "1058"]
[TimeControl "300"]
[EndTime "6:28:11 PDT"]
[Termination "viktorskliarov won by resignation"]

1. e4 e5 2. Nc3 Nc6 3. Bc4 Bc5 4. Qg4 Qf6 5. Nd5 Qxf2+ 6. Kd1 d6 7. Qxg7 b5 8. Bxb5 Bb7 9. Nf3 a6 10. Rf1 Qxf1+ 11. Bxf1 O-O-O 12. Qxh8 Nge7 13. Nxe7+ Nxe7 14. Qxh7 Ng6 15. Qxf7 Nf4 16. d4 exd4 17. Bxf4 Bxe4 18. Bxa6+ Kb8 19. Qb3+ Bb6 20. Bd3 Bxd3 21. cxd3 1-0

[Event "Live Chess"]
[Site "Chess.com"]
[Date "2023.05.21"]
[Round "-"]
[White "wadsy27"]
[Black "Anirudh_23"]
[Result "1-0"]
[WhiteElo "2551"]
[BlackElo "1884"]
[TimeControl "300"]
[EndTime "6:28:12 PDT"]
[Termination "wadsy27 won by resignation"]

1. c4 Nf6 2. g3 g6 3. Bg2 Bg7 4. Nf3 O-O 5. O-O d6 6. Nc3 e5 7.
d3 Re8 8. Bg5 h6 9. Bxf6 Bxf6 10. Rb1 c6 11. b4 Nd7 12. e4 Nf8 13. b5 Ne6 14. h4 Nd4 15. Nxd4 exd4 16. Ne2 c5 17. Qd2 Bg7 18. Kh2 f5 19. exf5 Bxf5 20. Nf4 Rb8 21. Rbe1 b6 22. Bh3 Bxh3 23. Kxh3 Qf6 24.
Nd5 Qf5+ 25. Kg2 Qf7 26. Rxe8+ Rxe8 27. Re1 Be5 28. f4 Bg7 29. Kf2 g5 30. hxg5 hxg5 31. Rxe8+ Qxe8 32. Qe2 Qf7 33. Qe7 gxf4 34. Qxf7+ Kxf7 35. gxf4 Bf6 36. Kf3 Bd8 37. Ke4 Ke6 38. f5+ Kf7 39. a4 Kg7 40. Nf4 Kf7 41. Nh5 Bh4 42. Kd5 Be1 43. Kxd6 Bc3 44. Kc6 Bd2 45. Kb7 Ba5 46.
Kxa7 Ke7 47. Kb7 Kd7 48. Nf6+ Ke7 49. Nd5+ Kf7 50. Nxb6 1-0

[Event "Live Chess"]
[Site "Chess.com"]
[Date "2023.05.21"]
[Round "-"]
[White "PantherCal"]
[Black "ShanthamGrarks"]
[Result "1-0"]
[WhiteElo "1811"]
[BlackElo "1962"]
[TimeControl "300"]
[EndTime "6:29:01 PDT"]
[Termination "PantherCal won by resignation"]

1. e4 e6 2. Nf3 d5 3. exd5 exd5 4.
d4 Nf6 5. Bd3 Bd6 6. O-O O-O 7.
Bg5 h6 8. Bh4 Bg4 9. Nbd2 Nbd7 10. c3 c6 11. Qc2 Qc7 12. Rfe1 Rae8 13. Bg3 Bxg3 14. hxg3 b6 15. Bf5 Bxf5 16. Qxf5 c5 17. g4 cxd4 18. Nxd4 Nc5 19. N2f3 Nce4 20. g5 hxg5 21. Nxg5 g6 22. Nxe4 gxf5 23. Nxf6+ Kh8 24. Nxe8 Qd8 25. Nc6 Qd7 26. Ne5 Qe6 27. Nc7 Qd6 28.
Nb5 Qf6 29. Nd4 Rg8 30. g3 f4 31. Kg2 fxg3 32. fxg3 Rg5 33. Rh1+ Kg7 34. Ndf3 Rf5 35. Rae1 d4 36. cxd4 Qc6 37. Nxc6 Rxf3 38. Kxf3 f5 39.
Re7+ 1-0

[Event "Live Chess"]
[Site "Chess.com"]
[Date "2023.05.21"]
[Round "-"]
[White "JoRoSaR"]
[Black "slava_ukr"]
[Result "0-1"]
[WhiteElo "1689"]
[BlackElo "2334"]
[TimeControl "300"]
[EndTime "6:29:12 PDT"]
[Termination "slava_ukr won by resignation"]

1. e4 c5 2. Nf3 Nc6 3. Bb5 d6 4. Bxc6+ bxc6 5. d3 e5 6. O-O Nf6 7. c4 Be7 8. Nc3 O-O 9. h3 Be6 10. Be3 Qd7 11. Qd2 h6 12. Nh2 Nh7 13. f4 exf4 14. Bxf4 Bg5 15. Rae1 Rae8 16. Nf3 Bxf4 17. Qxf4 f6 18.
Ne2 Ng5 19. Ng3 Rb8 20. b3 a5 21. Nh4 a4 22. Ng6 Rf7 23. h4 Nh7 24. Rb1 axb3 25. axb3 Nf8 26. h5 Nxg6 27. hxg6 Rff8 28. Nf5 Bxf5 29.
Qxf5 Qxf5 30. Rxf5 Ra8 31. b4 cxb4 32. Rxb4 Rfb8 33.
Rxb8+ Rxb8 34. Ra5 Kf8 35. Ra6 Rc8 36. Kf2 d5 37. Ke3 dxc4 38. dxc4 Ke7 39. c5 Ke6 40. Ra7 f5 41. Rxg7 fxe4 42. Kxe4 Kf6 43. Rd7 Kxg6 44.
Rd6+ Kg5 45. Ke5 h5 46. Re6 h4 47. Kd6 Kf4 48. Rh6 Kg3 49. Rg6+ Kh2 50. Kd7 Ra8 51. Kxc6 Ra6+ 52. Kb7 Rxg6 53. c6 Rxc6 54. Kxc6 Kxg2 0-1

[Event "Live Chess"]
[Site "Chess.com"]
[Date "2023.05.21"]
[Round "-"]
[White "BillythekidFellowes"]
[Black "Duke_of_Bebington"]
[Result "1-0"]
[WhiteElo "2074"]
[BlackElo "1548"]
[TimeControl "300"]
[EndTime "6:29:13 PDT"]
[Termination "BillythekidFellowes won by resignation"]

1. e4 e5 2. Nf3 Nf6 3. Nxe5 Nc6 4. Nxc6 dxc6 5. d3 Bc5 6. h3 h5 7. Nc3 Be6 8. Bg5 Qd4 9. Be3 Qe5 10. d4 Bxd4 11.
Qxd4 Qxd4 12. Bxd4 O-O-O 13. O-O-O 1-0

[Event "Live Chess"]
[Site "Chess.com"]
[Date "2023.05.21"]
[Round "-"]
[White "CheckThis4"]
[Black "zdanevych"]
[Result "1-0"]
[WhiteElo "2524"]
[BlackElo "1505"]
[TimeControl "300"]
[EndTime "6:29:16 PDT"]
[Termination "CheckThis4 won by resignation"]

1. d4 d5 2. Nc3 c5 3. e4 dxe4 4. d5 e6 5. Bb5+ Bd7 6. dxe6 fxe6 7. Qh5+ g6 8. Qe5 Qf6 9. Qxe4 Nc6 10. Nf3 O-O-O 11.
Bg5 Qf5 12. Bxd8 Kxd8 13. O-O-O Kc7 14. Rxd7+ Kxd7 15. Ne5+ Kc8 16. Bxc6 Qxe4 17. Bxe4 Nf6 18. Rd1 Bg7 19. f4 Nxe4 20. Nxe4 Rf8 21. g3 Bxe5 22. fxe5 1-0

[Event "Live Chess"]
[Site "Chess.com"]
[Date "2023.05.21"]
[Round "-"]
[White "ameetghasi100"]
[Black "domrobson"]
[Result "1-0"]
[WhiteElo "2579"]
[BlackElo "1760"]
[TimeControl "300"]
[EndTime "6:29:28 PDT"]
[Termination "ameetghasi100 won by resignation"]

1. d4 Nf6 2. c4 e6 3. Nf3 d5 4.
Nbd2 c6 5. g3 Nbd7 6. Bg2 Bd6 7.
O-O O-O 8. e4 dxe4 9. Ng5 b6 10.
Ndxe4 Nxe4 11. Bxe4 h6 12. Bxc6 Rb8 13. Ne4 Qc7 14.
Nxd6 Qxc6 15. Nxc8 Rbxc8 16. b3 Rfd8 17. Be3 Ne5 18. f4 Ng6 19. f5 exf5 20. d5 Qe8 21. Bd4 Qe4 22. Re1 Qg4 23. Qxg4 fxg4 24. Rad1 Re8 25. Rxe8+ Rxe8 26. Kf2 Rd8 27. b4 Nf8 28. a4 Rc8 29. c5 bxc5 30. bxc5 Nd7 31. c6 Nb6 32. Bxb6 axb6 33. d6 Rxc6 34. d7 Rc3 1-0

[Event "Live Chess"]
[Site "Chess.com"]
[Date "2023.05.21"]
[Round "-"]
[White "LiamClery2020"]
[Black "Tushinskiy"]
[Result "1-0"]
[WhiteElo "1975"]
[BlackElo "2206"]
[TimeControl "300"]
[EndTime "6:29:48 PDT"]
[Termination "LiamClery2020 won on time"]

1. e4 e5 2. Nc3 d6 3. d4 Nd7 4. Nf3 Ngf6 5. dxe5 dxe5 6. Be3 Bb4 7. Bd3 c6 8. Bd2 O-O 9. Ne2 Bc5 10. Ng3 Nb6 11. O-O Qc7 12. Bg5 Nfd7 13. a3 f6 14.
Be3 Bxe3 15. fxe3 Nc5 16. Nh4 Be6 17. Nhf5 g6 18. Nh4 Rad8 19. Qe2 Nxd3 20. cxd3 Qd7 21. Rad1 Bb3 22. Rc1 Qxd3 23. Qf3 Qd7 24. Rc3 Be6 25.
Rcc1 Kg7 26. Rfd1 Qe7 27. Re1 Qd7 28. Red1 Qc8 29. Ne2 Bg4 30. Qf2 Bxe2 31. Qxe2 Rxd1+ 32. Rxd1 Rd8 33. Rc1 Qd7 34. Rf1 Qd2 35. Qf3 Rd6 36.
Qg3 Kf7 37. Qxe5 Qxe3+ 38. Kh1 Qe2 39. Qf4 g5 40. Qf3 Qxf3 41. Nxf3 Nc4 42. Nxg5+ Kg6 43. Nf3 Nd2 44. Rd1 Nxe4 45. Rf1 f5 46. Nh4+ Kh6 47. Nxf5+ 1-0

[Event "Live Chess"]
[Site "Chess.com"]
[Date "2023.05.21"]
[Round "-"]
[White "MovebyMove"]
[Black "seasidecastle27"]
[Result "1-0"]
[WhiteElo "2444"]
[BlackElo "1881"]
[TimeControl "300"]
[EndTime "6:29:49 PDT"]
[Termination "MovebyMove won by resignation"]

1. e4 d6 2. d4 e5 3. Nf3 Bg4 4. dxe5 Nc6 5. Bb5 Qe7 6. Bxc6+ bxc6 7. O-O dxe5 8. Nbd2 Nf6 9. Qe2 g6 10. b3 Bg7 11.
Nc4 Nd7 12. Qe3 Qf6 13. Bb2 Bxf3 14. Qxf3 Qxf3 15. gxf3 O-O 16. Rfd1 Rad8 17. Rd3 Nc5 18.
Rxd8 Rxd8 19. Bxe5 Bxe5 20. Nxe5 Rd2 21. Rc1 Ne6 22.
Nc4 Rd4 23. Kf1 Nf4 24. Ke1 Ng2+ 25. Ke2 f5 26. exf5 Rh4 27. fxg6 hxg6 28. f4 Nxf4+ 29. Kf3 Nd5 30. Re1 Rxh2 31. Re6 Rh3+ 32. Kg4 Rc3 33. Rxg6+ Kf7 34. Rxc6 Nf6+ 35. Kf4 Rxc2 36. Ne5+ Ke7 37. Rxc2 1-0

[Event "Live Chess"]
[Site "Chess.com"]
[Date "2023.05.21"]
[Round "-"]
[White "LL220284LL"]
[Black "JohanKjeldahl"]
[Result "1-0"]
[WhiteElo "2272"]
[BlackElo "1881"]
[TimeControl "300"]
[EndTime "6:29:59 PDT"]
[Termination "LL220284LL won by resignation"]

1. d4 Nf6 2. Bg5 e6 3. e4 h6 4.
Bxf6 Qxf6 5. Nc3 d5 6. e5 Qd8 7. f4 c5 8. Nf3 Nc6 9. Ne2 a6 10. c3 Bd7 11. g3 Be7 12. Bg2 b5 13. O-O O-O 14. g4 f6 15. Ng3 fxe5 16. dxe5 Qb6 17.
f5 exf5 18. Qxd5+ Kh8 19. Qxd7 Rad8 20. Qe6 c4+ 21. Kh1 fxg4 22. Nd4 Nxd4 23. Qxb6 1-0

[Event "Live Chess"]
[Site "Chess.com"]
[Date "2023.05.21"]
[Round "-"]
[White "Leonid_Starozhilov"]
[Black "MartinWalker4"]
[Result "1-0"]
[WhiteElo "2637"]
[BlackElo "2049"]
[TimeControl "300"]
[EndTime "6:30:00 PDT"]
[Termination "Leonid_Starozhilov won on time"]

1. b3 d5 2. Bb2 e6 3. Nf3 Nf6 4. e3 c5 5. d4 Nc6 6. Be2 cxd4 7.
Nxd4 Bd6 8. O-O O-O 9. c4 dxc4 10.
Nxc6 bxc6 11. Bxc4 Qc7 12. h3 Be5 13. Nc3 Rd8 14. Qc2 Nd5 15. Rac1 Bb7 16. Rfd1 c5 17. Nb5 Qb8 18. Bxe5 Qxe5 19. Bf1 a6 20. Na3 Rac8 21. Nc4 Qc7 22. a3 Nf6 23. f3 Qg3 24. Qf2 Qxf2+ 25. Kxf2 Kf8 26. Rxd8+ Rxd8 27. e4 Nd7 28. Na5 Rb8 29.
Nxb7 Rxb7 30. Bxa6 Rxb3 31. Ra1 Ke7 32. a4 Kd6 33. a5 Kc7 34. Be2 Rb2 35. a6 Kb8 36. f4 Ka7 37. Ke3 Nf6 38. Bd3 Nd7 39. e5 Nb6 40. g3 h6 41. h4 c4 42. Be4 Rb4 43. Bb7 Rb3+ 44. Kd4 Rxg3 45. Kc5 Rg4 46. Rb1 Nd7+ 47. Kd6 Nb8 48. Kc7 Nxa6+ 49. Kc6 1-0